 Dungeon Sprint DCSS version 0.17-a0-1778-gd369669 (webtiles) character file.

1439 KambridgeKobold the Nimble (level 8, -12/85 HPs)
             Began as a Minotaur Monk on Sept 8, 2015.
             Was a Priest of Okawaru.
             Mangled by a demonic crawler (13 damage)
             ... in the Dungeon (Sprint I: "Red Sonja").
             The game lasted 00:03:47 (1134 turns).

KambridgeKobold the Nimble (Minotaur Monk)          Turns: 1134, Time: 00:03:47

Health: -12/85     AC:  2    Str: 16    XL:     8   Next: 45%
Magic:  8/10       EV: 24    Int:  7    God:    Okawaru [***...]
Gold:   220        SH:  0    Dex: 15    Spells: 0 memorised, 7 levels left

rFire  . . .     SeeInvis .     m - +1 glaive (venom)
rCold  . . .     Clarity  .     a - +0 robe
rNeg   . . .     SustAt   .     (no shield)
rPois  .         Gourm    .     (helmet restricted)
rElec  .         Spirit   .     (no cloak)
rCorr  .         Warding  .     (no gloves)
rMut   .         NoTele   +     (no boots)
MR     .....                    (no amulet)
Stlth  +++.......               (no ring)
                                (no ring)

@: heroism, not resistant to hostile enchantments, fairly stealthy
A: retaliatory headbutt, horns 2
a: Heroism, Renounce Religion


You were in the Dungeon.
You worshipped Okawaru.
Okawaru was most pleased with you.
You were hungry.

You visited 1 branch You collected 408 gold pieces.
You spent 188 gold pieces at shops.

Inventory:

Hand weapons
 j - a +0 scythe
 k - a +0 falchion
 m - a +1 glaive of venom (weapon)
Armour
 a - a +0 robe (worn)
Scrolls
 h - a scroll of blinking
 l - 2 scrolls of identify
Potions
 c - a potion of curing
 e - a potion of haste
 f - 2 potions of magic
 g - a potion of berserk rage
Comestibles
 b - a bread ration


   Skills:
 + Level 12.6(17.6) Fighting
 - Level 3.9(8.9) Long Blades
 * Level 9.2(14.2) Polearms
 + Level 3.1(8.1) Armour
 - Level 13.1(18.1) Dodging
 - Level 1.5(6.5) Stealth
 - Level 4.3(9.3) Unarmed Combat
 - Level 5.0 Invocations


You had 7 spell levels left.
You didn't know any spells.

Dungeon Overview and Level Annotations

Branches:
Dungeon (1/1)

Altars:
Cheibriados
Dithmenos
Elyvilon
Fedhas
Gozag
Kikubaaqudgha
Makhleb
Nemelex Xobeh
Okawaru
Qazlal
Ru
Sif Muna
Trog
Vehumet
Xom
Yredelemnul
Zin
The Shining One
Jiyva

Shops:
D *


Innate Abilities, Weirdness & Mutations

You reflexively headbutt those who attack you in melee.
You have a pair of horns on your head.


Message History

The demonic crawler barely misses you. You furiously retaliate!
You headbutt the demonic crawler.
You kill the demonic crawler!
Okawaru is honoured by your kill.
Your base Polearms skill gained 2 levels and is now at level 9!
Your base Armour skill gained 3 levels and is now at level 3!
You hit the demonic crawler but do no damage.
The demonic crawler hits you!
* * * LOW HITPOINT WARNING * * *
The demonic crawler hits you.
* * * LOW HITPOINT WARNING * * *
The demonic crawler hits you.
* * * LOW HITPOINT WARNING * * *
Drink which item? (? for menu, Esc to quit)
Okay, then.
The demonic crawler hits you.
* * * LOW HITPOINT WARNING * * *
The demonic crawler completely misses you.
The demonic crawler hits you!
You die...

###################
).#.['..#__#..'.).#
..'..#..'..'..#)@s##+#
#'#####'#__####...ss.#
..#...#.#### #####..+
###..##.# ## __##'#..+
...'..._# ._##_.#'#
__###+#)# ### ###


You could see 3 demonic crawlers.

Vanquished Creatures
  2 kobold demonologists (D)
  A demonic crawler (D)
  A slime creature (D)
  A yak (D)
  Sigmund (D)
  An ogre (D)
  A jelly (D)
  Ijyb (D)
  A giant eyeball (D)
10 creatures vanquished.

Vanquished Creatures (others)
  2 wasps (D)
2 creatures vanquished.

Grand Total: 12 creatures vanquished

Notes
Turn   | Place    | Note
--------------------------------------------------------------
     0 | D        | KambridgeKobold the Minotaur Monk began the quest for the Orb.
     0 | D        | Reached XP level 1. HP: 19/19 MP: 0/0
     1 | D        | Noticed Ijyb
    11 | D        | Killed Ijyb
    11 | D        | Reached skill level 5 in Fighting
    11 | D        | Reached skill level 6 in Dodging
    11 | D        | Reached XP level 2. HP: 21/29 MP: 1/1
    97 | D        | Noticed an ogre
   109 | D        | Killed an ogre
   109 | D        | Reached skill level 7 in Fighting
   109 | D        | Reached skill level 8 in Dodging
   109 | D        | Reached XP level 3. HP: 10/39 MP: 2/2
   109 | D        | Reached XP level 4. HP: 12/47 MP: 3/3
   340 | D        | Noticed Sigmund
   347 | D        | Killed Sigmund
   347 | D        | Reached skill level 9 in Fighting
   347 | D        | Reached skill level 11 in Dodging
   347 | D        | Reached XP level 5. HP: 53/57 MP: 4/4
   378 | D        | Found a deep blue altar of Sif Muna.
   379 | D        | Noticed a jelly
   380 | D        | Found a radiant altar of Vehumet.
   386 | D        | Killed a jelly
   386 | D        | Reached XP level 6. HP: 51/64 MP: 5/5
   450 | D        | Found Joxeanyw's General Store.
   450 | D        | Found a white marble altar of Elyvilon.
   450 | D        | Found a stormy altar of Qazlal.
   450 | D        | Found a burning altar of Makhleb.
   450 | D        | Found a sacrificial altar of Ru.
   450 | D        | Found a basalt altar of Yredelemnul.
   450 | D        | Found a glowing golden altar of the Shining One.
   450 | D        | Found a sparkling altar of Nemelex Xobeh.
   450 | D        | Found a shimmering altar of Xom.
   450 | D        | Found an opulent altar of Gozag.
   450 | D        | Found an ancient bone altar of Kikubaaqudgha.
   450 | D        | Found a glowing silver altar of Zin.
   450 | D        | Noticed a yak
   467 | D        | Killed a yak
   467 | D        | Reached skill level 10 in Fighting
   467 | D        | Reached skill level 12 in Dodging
   468 | D        | Found an iron altar of Okawaru.
   471 | D        | Found a bloodstained altar of Trog.
   475 | D        | Bought a scroll of identify for 20 gold pieces
   475 | D        | Bought a scroll of identify for 20 gold pieces
   475 | D        | Bought a +1 glaive of venom for 148 gold pieces
   711 | D        | Became a worshipper of Warmaster Okawaru
   711 | D        | Acquired Okawaru's first power
   829 | D        | Found a snail-covered altar of Cheibriados.
   829 | D        | Found a viscous altar of Jiyva.
   829 | D        | Found a shadowy altar of Dithmenos.
   829 | D        | Found a blossoming altar of Fedhas.
   829 | D        | Noticed a slime creature
   836 | D        | Killed a slime creature
   836 | D        | Reached XP level 7. HP: 39/74 MP: 5/7
   843 | D        | Killed a wasp
   855 | D        | Killed a wasp
  1003 | D        | Noticed a kobold demonologist
  1004 | D        | Noticed a kobold demonologist
  1005 | D        | Paralysed by a giant eyeball for 3 turns
  1012 | D        | Killed a kobold demonologist
  1012 | D        | Reached skill level 5 in Polearms
  1012 | D        | Reached skill level 13 in Dodging
  1016 | D        | Killed a kobold demonologist
  1016 | D        | Reached skill level 5 in Invocations
  1016 | D        | Reached XP level 8. HP: 57/83 MP: 7/10
  1126 | D        | Noticed a demonic crawler
  1126 | D        | Noticed a demonic crawler
  1126 | D        | Noticed a demonic crawler
  1126 | D        | Noticed a demonic crawler
  1132 | D        | Killed a demonic crawler
  1133 | D        | HP: 2/85 [demonic crawler (5)]
  1134 | D        | Mangled by a demonic crawler

Vault maps used:
D:        dungeon_sprint_1

Action                   |  1- 3 |  4- 6 |  7- 9 || total
-------------------------+-------+-------+-------++-------
Melee: Unarmed           |    17 |    25 |       ||    42
       Glaive            |       |     4 |    14 ||    18
Invok: Heroism           |       |       |     1 ||     1
  Use: Potion            |       |       |     1 ||     1
 Stab: Sleeping          |     1 |     2 |       ||     3
